 Dungeon Crawl Stone Soup version 0.25-a0-700-g7f8a7979f0 (webtiles) character file.

Game seed: 16059425673667179333, levelgen mode: deterministic

16 Iscandelvey the Charmwright (level 2, 0/22 HPs)
             Began as a Demonspawn Skald on Apr 2, 2020.
             Slain by a jackal (2 damage)
             ... on level 1 of the Dungeon.
             The game lasted 00:00:44 (143 turns).

Iscandelvey the Charmwright (Demonspawn Skald)       Turns: 143, Time: 00:00:45

Health: 0/22       AC:  3    Str: 11    XL:     2   Next: 41%
Magic:  1/5        EV: 12    Int: 14    God:
Gold:   10         SH:  0    Dex: 12    Spells: 4/5 levels left

rFire    . . .     SeeInvis .   a - +0 spear
rCold    . . .     Gourm    .   (no shield)
rNeg     . . .     Faith    .   b - +0 leather armour
rPois    .         Spirit   .   (no helmet)
rElec    .         Reflect  .   (no cloak)
rCorr    .         Harm     .   (no gloves)
MR       .....                  (no boots)
Stlth    +.........             (no amulet)
HPRegen  0.07/turn              (no ring)
MPRegen  0.09/turn              (no ring)

@: infused (expiring)
A: demonic guardian 1
a: no special abilities


You were on level 1 of the Dungeon.
You were not hungry.

You visited 1 branch of the dungeon, and saw 1 of its levels.

You collected 10 gold pieces.

Inventory:

Hand Weapons
 a - a +0 spear (weapon)
Armour
 b - a +0 leather armour (worn)
Scrolls
 c - a scroll of enchant weapon {unknown}
 e - a scroll of magic mapping {unknown}
 f - a scroll of remove curse {unknown}
Comestibles
 d - a ration
 g - a chunk of flesh


   Skills:
 + Level 2.2 Fighting
 + Level 1.8 Polearms
 + Level 0.8 Armour
 + Level 2.2 Dodging
 + Level 2.1 Spellcasting
 + Level 2.9 Charms


You had 4 spell levels left.
You knew the following spells:

 Your Spells              Type           Power        Failure   Level  Hunger
a - Infusion              Chrm           #...         10%         1    ##.....

Your spell library contained the following spells:

 Spells                   Type           Power        Failure   Level  Hunger
 Song of Slaying          Chrm           #.......     14%         2    ###....
 Shroud of Golubria       Chrm/Tloc      #.....       26%         2    ###....
 Ozocubu's Armour         Chrm/Ice       #.......     45%         3    ####...
 Spectral Weapon          Hex/Chrm       #.......     45%         3    ####...


Dungeon Overview and Level Annotations

Branches:
Dungeon (1/15)

Altars:


Innate Abilities, Weirdness & Mutations

A weak demonic guardian rushes to your aid.


Message History

You are too injured to fight recklessly!
The jackal barely misses you.
You see here a jackal corpse.
You barely miss the jackal. The jackal closely misses you.
The jackal bites you but does no damage.
You hit the jackal.
The jackal is heavily wounded.
The jackal barely misses you.
A goblin comes into view.
You barely miss the jackal.
The jackal is heavily wounded.
The goblin shouts!
The jackal bites you.
* * * LOW HITPOINT WARNING * * *
The jackal bites you.
* * * LOW HITPOINT WARNING * * *
You hit the jackal.
The jackal is heavily wounded.
The jackal bites you.
You die...

#########
#........
#.†....?.
#@h...... ########
#........ #......#
#........
#......###g.......
#...>..##)).......
#..h....$÷).......
#......###.[......
## #.##.#.#
#........ .# #.#.#
######.##


You could see a jackal and a goblin.

Vanquished Creatures
  2 goblins (D:1)
  A hobgoblin (D:1)
  6 jackals (D:1)
  3 kobolds (D:1)
  A bat (D:1)
  A rat (D:1)
14 creatures vanquished.

Notes
Turn   | Place    | Note
-------+----------+-------------------------------------------
     0 | D:1      | Iscandelvey the Demonspawn Skald began the quest for the
                  | Orb.
     0 | D:1      | Reached XP level 1. HP: 16/16 MP: 3/3
    66 | D:1      | Gained mutation: A weak demonic guardian rushes to your
                  | aid. [demonic ancestry]
    66 | D:1      | Reached XP level 2. HP: 14/22 MP: 5/5
   143 | D:1      | Slain by a jackal

Levels and vault maps discovered:
D:1:      roderic_octagonal_star, layout_rooms, st_stairs_14

Skill      XL: |  1 |
---------------+----+-----
Dodging        | 2 |  2.2
Fighting       | |  2.2
Polearms       | |  1.8
Armour         | |  0.8
Spellcasting   | |  2.1
Charms         | |  2.9

Action                   || total
-------------------------++-------
Melee: Spear             ||    57
 Cast: Infusion          ||     1
Armor: Leather armour    ||    21
Dodge: Dodged            ||    56

Table legend:
 A = Non-vault XP
 B = Vault XP
 C = Vault XP percentage of total XP
 D = Non-vault monster count
 E = Vault monster count
 F = Vault count percentage of total count
                 A         B        C        D         E       F
            +---------+---------+-------+---------+---------+-------
      Total |      24 |       0 |   0.0 |      14 |       0 |   0.0
            +---------+---------+-------+---------+---------+-------
        D:1 |      24 |       0 |   0.0 |      14 |       0 |   0.0
            +---------+---------+-------+---------+---------+-------
